 Dungeon Crawl Stone Soup version 0.17.1-3-g152610e (webtiles) character file.

95 MikeMike the Sneak (level 4, -2/29 HPs)
             Began as a Halfling Assassin on Apr 26, 2016.
             Slain by a gnoll
             ... wielding a +0 whip
              (6 damage)
             ... on level 1 of the Dungeon on Apr 27, 2016.
             The game lasted 00:43:25 (1979 turns).

MikeMike the Sneak (Halfling Assassin)              Turns: 1979, Time: 00:43:25

Health: -2/29      AC:  7    Str: 11    XL:     4   Next: 95%
Magic:  4/4        EV: 14    Int: 10    God:
Gold:   82         SH:  0    Dex: 16    Spells: 0 memorised, 3 levels left

rFire  . . .     SeeInvis .     a - +2 dagger
rCold  . . .     Clarity  .     y - +0 leather armour
rNeg   . . .     SustAt   .     (shield restricted)
rPois  .         Gourm    .     s - +1 helmet
rElec  .         Spirit   .     d - +1 cloak
rCorr  .         Warding  .     (no gloves)
rMut   .         Stasis   .     (no boots)
MR     .....                    (no amulet)
Stlth  +++.......               (no ring)
                                (no ring)

@: not resistant to hostile enchantments, fairly stealthy
A: mutation resistance 1
a: no special abilities


You were on level 1 of the Dungeon.
You were not hungry.

You visited 1 branch of the dungeon, and saw 2 of its levels.

You collected 82 gold pieces.

Inventory:

Hand Weapons
 a - a +2 dagger (weapon)
 b - a +0 blowgun
 g - a +0 dagger
 i - a +0 hunting sling
 k - a +0 club
 l - a +0 short sword
 q - a +0 club
 u - a +0 flail
 w - a +0 short sword
 x - a cursed -3 club
 z - a +0 short sword
 B - a +0 hunting sling
 D - a +0 dagger
Missiles
 e - 8 poisoned needles
 f - 2 curare-tipped needles
 j - 44 stones (quivered)
 C - 42 arrows
Armour
 c - a +0 robe
 d - a +1 cloak (worn)
 h - a +0 robe
 r - a +0 ring mail
 s - a +1 helmet (worn)
 y - a +0 leather armour (worn)
Jewellery
 A - an uncursed ring of stealth {unknown}
Comestibles
 n - 3 meat rations


   Skills:
 + Level 2.0 Fighting
 + Level 3.2 Short Blades
 + Level 2.5 Throwing
 + Level 1.3 Armour
 + Level 2.1 Dodging
 + Level 5.5 Stealth


You had 3 spell levels left.
You didn't know any spells.

Dungeon Overview and Level Annotations

Branches:
Dungeon (2/15)

Altars:


Innate Abilities, Weirdness & Mutations

You are small and have problems with some larger weapons.
You are somewhat resistant to further mutation.


Message History

The gnoll hits you but does no damage.
You closely miss the gnoll.
The gnoll is moderately wounded.
The gnoll hits you but does no damage.
You hit the gnoll.
The gnoll is heavily wounded.
The gnoll hits you with a whip.
* * * LOW HITPOINT WARNING * * *
You closely miss the gnoll.
The gnoll is heavily wounded.
You hit the gnoll.
The gnoll is severely wounded.
The gnoll barely misses you.
You closely miss the gnoll.
The gnoll is severely wounded.
The gnoll closely misses you.
You hit the gnoll but do no damage.
The gnoll is severely wounded.
The gnoll hits you with a whip.
You die...

...#.......###...........#.....#
.....#...........##...#..#.....#
#'##.#...................#.#####
#.........#############..†...####
.....######.....<.....######.....
######.....................#####.
##...........#######...........##
......#########...######'##......
...####...#...#.@.#...#...####...
.###..#...'...'..g'...'...#..###.
###...#...##.###'###.##...#...###
..'...'...####.PP..####...'...'§.
..#...#...##P........##...#...#.§
≈≈#≈≈≈#≈≈≈#.PP....PPPP#≈≈≈#§≈§#≈≈
≈≈#≈≈≈#≈≈≈#.....8...P.#≈≈≈#§§≈#≈§
≈≈#≈≈≈#≈≈≈#...PP..PP..#≈≈§#≈≈≈#≈≈
≈≈#≈≈≈#≈≈≈##PP.PPP..P##≈≈≈#≈≈≈#≈≈


You could see a gnoll.

Vanquished Creatures
  2 gnolls
  3 adders (D:2)
  A giant gecko (D:2)
  2 ball pythons
  8 bats
  A giant cockroach (D:2)
  4 goblins
  8 hobgoblins
  2 jackals (D:1)
  2 quokkas (D:2)
  2 giant newts (D:1)
  7 kobolds
  6 rats
  A fungus (D:1)
  A plant (D:1)
50 creatures vanquished.

Notes
Turn   | Place    | Note
--------------------------------------------------------------
     0 | D:1      | MikeMike the Halfling Assassin began the quest for the Orb.
     0 | D:1      | Reached XP level 1. HP: 14/14 MP: 1/1
   401 | D:1      | Reached XP level 2. HP: 16/19 MP: 2/2
   752 | D:1      | Reached skill level 5 in Stealth
   752 | D:1      | Reached XP level 3. HP: 24/24 MP: 3/3
  1525 | D:2      | Reached XP level 4. HP: 29/29 MP: 4/4
  1707 | D:2      | Reached skill level 1 in Armour
  1979 | D:1      | Slain by a gnoll

Action                   |  1- 3 |  4- 6 || total
-------------------------+-------+-------++-------
Melee: Dagger            |   231 |    75 ||   306
Throw: Stone             |    11 |     7 ||    18
  Use: Scroll            |       |     5 ||     5
       Potion            |       |     3 ||     3
 Stab: Sleeping          |     5 |       ||     5
  Eat: Bread ration      |     1 |       ||     1
